[Event "FRA-ch Youth U16 2019"]
[Site "Hyeres"]
[Date "2019.04.14"]
[Round "1.1"]
[White "Boyer, Mahel"]
[Black "Mahieu, Luc"]
[Result "1-0"]
[ECO "B25"]
[WhiteElo "2342"]
[BlackElo "1985"]
[Annotator "NA"]
[PlyCount "106"]
[EventDate "2019.04.14"]
[EventType "swiss"]
[EventCountry "FRA"]
[SourceTitle "playchess.com"]
[Source "ChessBase"]
[SourceQuality "1"]
[TimeControl "5400+30"]

1. e4 c5 2. d3 d6 3. g3 g6 4. Bg2 Bg7 5. f4 Nf6 6. Nf3 O-O 7. O-O Nc6 8. Nc3 Rb8 9. h3 b5 10. g4 b4 11. Ne2 a5 12. Be3 Bd7 13. Qd2 $11 a4 14. Rab1 Qc7 15. f5 Na7 16. Bh6 c4 17. Bxg7 Kxg7 18. Nf4 Bc6 19. g5 Ne8 20. dxc4 Qb6+ 21. Qd4+ Qxd4+ 22. Nxd4 Bd7 23. Rbe1 Nc6 24. Nxc6 Bxc6 25. fxg6 hxg6 26. e5 Bxg2 27. Kxg2 e6 28. b3 axb3 29. axb3 dxe5 30. Rxe5 Nd6 31. Rd1 Rfd8 32. Rd3 Kf8 33. c3 bxc3 34. Rxc3 Nf5 35. Nd3 Rd4 36. c5 Rbd8 37. Nf2 Ke7 38. Re1 Rb4 39. c6 Rc8 40. Nd3 Rb6 41. Ne5 Nd4 42. Rd1 Nxc6 43. Rd7+ Ke8 44. Rd6 Rxb3 45. Rcxc6 Ra8 46. Rc2 Rb5 47. Nf3 Kf8 48. Rd4 Rf5 49. Rc3 Re8 50. Re3 Ra5 51. Kg3 Rf5 52. Kg2 Rb8 53. Kg3 Re8 1-0

[Event "FRA-ch Youth U16 2019"]
[Site "Hyeres"]
[Date "2019.04.14"]
[Round "1.2"]
[White "Venard, Gautier"]
[Black "Popov, Konstantin"]
[Result "0-1"]
[ECO "A29"]
[WhiteElo "1979"]
[BlackElo "2328"]
[Annotator "NA"]
[PlyCount "47"]
[EventDate "2019.04.14"]
[EventType "swiss"]
[EventCountry "FRA"]
[SourceTitle "playchess.com"]
[Source "ChessBase"]
[SourceQuality "1"]
[TimeControl "5400+30"]

1. c4 e5 2. Nc3 Nf6 3. g3 d5 4. cxd5 Nxd5 5. Bg2 Nb6 6. Nf3 Nc6 7. O-O Be7 8. a4 a5 9. d4 exd4 10. Nb5 Bf6 11. Bf4 Nd5 12. Nfxd4 Nxd4 13. Bxd5 O-O 14. Nxc7 Bg4 15. f3 Bh3 16. Re1 g5 17. Be3 Nf5 18. Bb6 Ra6 19. Bc5 Qxc7 20. Rc1 Qe5 21. Bxf8 Qe3+ 22. Kh1 Qf2 23. Bxf7+ Kh8 24. Bd5 {[%emt 0:00:30] Kg8} 0-1

[Event "FRA-ch Youth U16 2019"]
[Site "Hyeres"]
[Date "2019.04.14"]
[Round "1.3"]
[White "Degraeve, Remy"]
[Black "Lahoche, Dorian"]
[Result "1-0"]
[ECO "E62"]
[WhiteElo "2312"]
[BlackElo "1973"]
[Annotator "NA"]
[PlyCount "71"]
[EventDate "2019.04.14"]
[EventType "swiss"]
[EventCountry "FRA"]
[SourceTitle "playchess.com"]
[Source "ChessBase"]
[SourceQuality "1"]
[TimeControl "5400+30"]

1. d4 Nf6 2. c4 g6 3. g3 Bg7 4. Bg2 O-O 5. Nc3 d6 6. Nf3 Nc6 7. O-O Bd7 8. b3 Rb8 9. Bg5 h6 10. Bd2 a6 11. d5 Na5 12. Rc1 b5 13. Nxb5 Nxb3 14. Qxb3 axb5 15. Nd4 bxc4 16. Qxc4 Ra8 17. Rb1 Ra4 18. Rb4 Rxb4 19. Bxb4 Nxd5 20. Qxd5 c5 21. Bxc5 dxc5 22. Qxc5 e5 23. Nc6 Bxc6 24. Bxc6 Qd4 25. Qb5 Qa7 26. a4 Rb8 27. Qd3 Qa5 28. Rd1 Bf6 29. Qf3 Rd8 30. Rb1 Kg7 31. Kg2 Rc8 32. Rb7 Rc7 33. Rxc7 Qxc7 34. Qd5 Bd8 35. Be8 Bf6 36. a5 1-0

[Event "FRA-ch Youth U16 2019"]
[Site "Hyeres"]
[Date "2019.04.14"]
[Round "1.4"]
[White "Martinez Martinez, Mateo"]
[Black "Harutyunyan, Ruben"]
[Result "0-1"]
[ECO "D25"]
[WhiteElo "1972"]
[BlackElo "2310"]
[Annotator "NA"]
[PlyCount "108"]
[EventDate "2019.04.14"]
[EventType "swiss"]
[EventCountry "FRA"]
[SourceTitle "playchess.com"]
[Source "ChessBase"]
[SourceQuality "1"]
[TimeControl "5400+30"]

1. d4 d5 2. c4 dxc4 3. Nf3 Nf6 4. e3 b5 5. a4 b4 6. Bxc4 e6 7. O-O Be7 8. Nbd2 Bb7 9. Qc2 Nbd7 10. b3 O-O 11. Bb2 c5 12. dxc5 Nxc5 13. Rfd1 Rc8 14. Ng5 g6 15. Nde4 Nd5 16. Nxc5 Rxc5 17. Ne4 Rc8 18. Be5 f5 19. Ng3 Bf6 20. Qb2 Qe7 21. a5 Nc3 22. Bxf6 Rxf6 23. Rd3 Bd5 24. Bxd5 exd5 25. Ne2 Rfc6 26. Nxc3 bxc3 27. Qc2 Qe4 28. h3 Rc5 29. Ra4 Qe8 30. Rad4 Qc6 31. b4 Rb5 32. g3 Kf7 33. Kg2 Ke6 34. g4 Kf6 35. f4 Ke6 36. Kg3 a6 37. g5 Rc7 38. h4 Rb8 39. Kg2 Rbc8 40. Kg3 Qb5 41. Kg2 Rc4 42. Rxc4 Qxc4 43. Rd4 Qb5 44. Kf2 Rc4 45. Rxc4 Qxc4 46. b5 axb5 47. a6 d4 48. a7 d3 49. a8=Q dxc2 50. Qe8+ Kd6 51. Qd8+ Kc5 52. Qe7+ Kb6 53. Qd6+ Qc6 54. Qd4+ Ka6 0-1

[Event "FRA-ch Youth U16 2019"]
[Site "Hyeres"]
[Date "2019.04.15"]
[Round "2.3"]
[White "Poulet, Benoit"]
[Black "Degraeve, Remy"]
[Result "1/2-1/2"]
[ECO "D05"]
[WhiteElo "2109"]
[BlackElo "2312"]
[Annotator "NA RC"]
[PlyCount "134"]
[EventDate "2019.04.14"]
[EventType "swiss"]
[EventCountry "FRA"]
[SourceTitle "playchess.com"]
[Source "ChessBase"]
[SourceQuality "1"]
[TimeControl "5400+30"]

1. d4 Nf6 2. Nf3 d5 3. e3 e6 4. Bd3 c5 5. b3 Nc6 6. Bb2 Bd6 7. O-O Qe7 8. dxc5 {[%emt 0:02:01] D05: Colle System with ...e6} (8. Ne5 O-O 9. a3 Nd7 10. f4 f5 11. Nd2 Nf6 12. c4 Bd7 13. Ndf3 cxd4 14. exd4 Ne4 15. cxd5 exd5 {½-½ (31) Goganov,A (2597)-Shkapenko,P (2407) Minsk 2015}) 8... Bxc5 9. c4 dxc4 10. Bxc4 O-O 11. a3 $146 ({Predecessor:} 11. Nc3 a6 12. Qb1 b5 13. Bd3 Bb7 14. Rc1 Rac8 15. Ng5 h6 {1-0 (37) Jardorf,S-Christensen,B Denmark 1990}) 11... a6 12. b4 Ba7 13. Nbd2 b5 14. Ba2 a5 15. bxa5 Nxa5 16. Bb1 Ba6 17. Qc2 Qc5 18. Bc3 Rac8 19. Ne4 Qh5 20. Nxf6+ gxf6 21. Qxh7+ Qxh7 22. Bxh7+ Kxh7 23. Bxa5 Bb7 24. Rfb1 Rg8 25. Rb4 Rg6 26. Ne1 Rc5 27. Rd1 Kg7 28. g3 Bc6 29. Rh4 Rc4 30. Rxc4 bxc4 31. Rc1 Bb5 32. Nf3 Rh6 33. Nd2 Rh8 34. Bc3 Bc5 35. Rb1 Ba6 {[%emt 0:01:34] [#]} (35... Bc6 $16) 36. Bxf6+ $1 Kxf6 37. Ne4+ Ke5 38. Nxc5 Ra8 39. f4+ Kd5 {[%emt 0:00:47] [#]} 40. Na4 $1 Ke4 41. Kf2 Rc8 42. Rb6 $2 (42. Rb4 $18) 42... c3 43. Nxc3+ Rxc3 44. Rxa6 Rc2+ 45. Ke1 Kxe3 46. Kd1 Rxh2 47. Rb6 Kd3 48. Rb3+ Kc4 49. Rf3 f6 50. Re3 Kd5 51. Re2 Rh1+ 52. Kc2 Rg1 53. Re3 e5 54. fxe5 fxe5 55. Rd3+ Ke4 56. Rb3 Rg2+ 57. Kd1 Kd4 58. Rb4+ Kc5 59. Rb3 e4 60. Ke1 Ra2 61. Kd1 Kc4 62. Re3 Kd4 63. Rb3 e3 64. Rb8 Ke4 65. Re8+ Kf3 (65... Kd3 $5 66. Rd8+ $8 Ke4 $11) 66. Rf8+ Kg2 67. Re8 Rxa3 $11 1/2-1/2

[Event "FRA-ch Youth U16 2019"]
[Site "Hyeres"]
[Date "2019.04.15"]
[Round "2.4"]
[White "Harutyunyan, Ruben"]
[Black "Rachid, Alexandre"]
[Result "1-0"]
[ECO "B20"]
[WhiteElo "2310"]
[BlackElo "2079"]
[Annotator "RC"]
[PlyCount "65"]
[EventDate "2019.04.14"]
[EventType "swiss"]
[EventCountry "FRA"]
[SourceTitle "playchess.com"]
[Source "ChessBase"]
[SourceQuality "1"]
[TimeControl "5400+30"]

1. e4 c5 2. Ne2 d6 3. g3 Nc6 4. Bg2 g6 5. c3 Bg7 6. O-O Nf6 7. d4 e5 8. d5 Ne7 9. f4 Bd7 10. fxe5 dxe5 11. Bg5 Nc8 12. Nc1 Qb6 13. Nd2 O-O 14. Nc4 Qb5 15. b3 Ne8 16. Nd3 b6 17. a4 Qa6 18. Ndxe5 Qb7 19. Nxd7 Qxd7 20. e5 Rb8 21. Qe2 Nc7 22. e6 fxe6 23. Rxf8+ Bxf8 24. dxe6 Nxe6 25. Bh3 Nf4 26. Bxf4 Qxh3 27. Bxb8 Ne7 28. Re1 Nf5 29. Qe6+ Kg7 30. Be5+ Kh6 31. Bf4+ Kg7 32. Qd7+ Kg8 33. Re8 1-0

[Event "FRA-ch Youth U16 2019"]
[Site "Hyeres"]
[Date "2019.04.15"]
[Round "3.1"]
[White "Lomandong, Marc-Antoine"]
[Black "Popov, Konstantin"]
[Result "1-0"]
[ECO "A48"]
[WhiteElo "2036"]
[BlackElo "2328"]
[Annotator "NA"]
[PlyCount "75"]
[EventDate "2019.04.14"]
[EventType "swiss"]
[EventCountry "FRA"]
[SourceTitle "playchess.com"]
[Source "ChessBase"]
[SourceQuality "1"]
[TimeControl "5400+30"]

1. d4 Nf6 2. Nf3 g6 3. b4 Bg7 4. Bb2 d5 5. Nbd2 O-O 6. g3 b6 7. Bg2 Bb7 8. O-O Nbd7 9. c4 e6 10. a4 a5 11. b5 c6 12. Qb3 cxb5 13. axb5 Rc8 14. Rac1 Ne4 15. Nxe4 dxe4 16. Nd2 f5 17. e3 Rf7 18. Rfd1 Qe8 19. Nb1 $14 e5 20. Nc3 exd4 21. exd4 f4 22. gxf4 Kh8 23. Ne2 Qe6 24. Bh3 Qf6 25. c5 a4 26. Qe6 bxc5 27. dxc5 Qxb2 28. Qxf7 Rf8 29. Qc4 Nxc5 30. Rc2 Qb3 31. Qxb3 Nxb3 32. Be6 h5 33. Rc7 Na5 34. Rdd7 Re8 35. Ba2 Nb3 36. Rxg7 Bd5 37. Nc3 Be6 38. Rge7 1-0

[Event "FRA-ch Youth U16 2019"]
[Site "Hyeres"]
[Date "2019.04.15"]
[Round "3.2"]
[White "Mas, Victor"]
[Black "Harutyunyan, Ruben"]
[Result "0-1"]
[ECO "D02"]
[WhiteElo "2032"]
[BlackElo "2310"]
[Annotator "NA"]
[PlyCount "70"]
[EventDate "2019.04.14"]
[EventType "swiss"]
[EventCountry "FRA"]
[SourceTitle "playchess.com"]
[Source "ChessBase"]
[SourceQuality "1"]
[TimeControl "5400+30"]

1. d4 Nf6 2. Nf3 d5 3. g3 c5 4. Bg2 cxd4 5. Nxd4 e5 6. Nb3 Be7 7. Bg5 {[%emt 0:02:29] D02: 1 d4 d5 2 Nf3 sidelines, including 2...Nf6 3 g3 and 2...Nf6 3 Bf4} Ng8 (7... Nbd7 8. e3 h6 9. Bxf6 Nxf6 10. Nc3 Be6 11. Qd2 Rc8 12. a3 O-O 13. Rd1 e4 14. O-O Qb6 {0-1 (62) Vastrukhin,O (2401)-Bocharov,D (2598) Kazan 2014}) 8. Bxe7 Nxe7 9. O-O $146 ({Predecessor:} 9. e4 Be6 10. c3 b6 11. O-O Nbc6 12. Na3 a6 13. Nc2 O-O 14. Qe2 Qc7 {0-1 (45) Dezelic,D-Marevic,A (2020) Zagreb 2011}) 9... O-O 10. Qd2 Nbc6 11. Rd1 Be6 12. Qe1 Qb6 13. Nc3 Rad8 14. Na4 Qc7 15. Nac5 Bc8 16. Rac1 b6 17. Nd3 Be6 18. c3 a5 19. Nd2 f5 $15 20. Nf1 f4 21. Qd2 Ng6 22. Ne1 e4 23. Nc2 Qf7 24. Nd4 Nce5 25. Qe1 Bc8 26. f3 exf3 27. Nxf3 Ng4 28. h3 Nf6 29. Qf2 Ne4 30. Qxb6 fxg3 31. Qb5 Nf4 32. Ne3 Nd6 33. Qb3 Nxe2+ 34. Kf1 Nxc1 35. Rxc1 Bxh3 0-1

[Event "FRA-ch Youth U16 2019"]
[Site "Hyeres"]
[Date "2019.04.15"]
[Round "3.3"]
[White "Raclot, Leo"]
[Black "Zachary, Matheo"]
[Result "0-1"]
[ECO "B23"]
[WhiteElo "1961"]
[BlackElo "2281"]
[Annotator "NA"]
[PlyCount "106"]
[EventDate "2019.04.14"]
[EventType "swiss"]
[EventCountry "FRA"]
[SourceTitle "playchess.com"]
[Source "ChessBase"]
[SourceQuality "1"]
[TimeControl "5400+30"]

1. e4 c5 2. Nc3 Nc6 3. Bb5 Nd4 4. Bc4 Nf6 (4... e6 5. Nge2 Ne7 6. Nxd4 cxd4 7. Ne2 Nc6 8. O-O a6 9. d3 d5 10. exd5 exd5 11. Bb3 Bd6 12. Nf4 Bxf4 13. Bxf4 O-O 14. Qf3 Be6 15. Rfe1 {1-0 (58) Cornette,M (2611)-Lenic,L (2662) chess.com INT 2018}) 5. d3 e6 6. Nf3 {[%emt 0:05:13] B23: Closed Sicilian: Lines without g3} d6 7. Nxd4 cxd4 8. Ne2 e5 9. O-O Be7 10. c3 dxc3 11. Qb3 O-O 12. Nxc3 Nd7 13. Be3 Bg5 14. Nd5 $146 Bxe3 15. fxe3 Nc5 16. Qc2 Be6 17. b4 Nd7 18. Rac1 a6 19. Qd2 Rc8 $11 20. Bb3 Rc6 21. Ba4 Bxd5 22. exd5 Rxc1 23. Rxc1 Nf6 24. d4 Qe7 25. Rd1 Ng4 26. h3 Nf6 27. dxe5 Qxe5 28. Qd4 Qe7 29. b5 axb5 30. Bxb5 Rc8 31. Bc4 Ne4 32. Bd3 Nc3 33. Rd2 Rc5 34. e4 Qh4 35. Qf2 Qg5 36. Rc2 Qe5 37. Qd2 g6 38. Rb2 Qd4+ 39. Kh1 b5 40. Rc2 b4 41. Rb2 Rc7 42. Rc2 Kg7 43. Rb2 Re7 44. Qg5 Re5 45. Qd2 Nxe4 46. Bxe4 Rxe4 47. Kh2 Qe5+ 48. g3 Re3 49. Qf2 Rxg3 50. Qxg3 Qxb2+ 51. Kg1 Qa1+ 52. Kf2 Qxa2+ 53. Ke1 Qxd5 0-1

[Event "FRA-ch Youth U16 2019"]
[Site "Hyeres"]
[Date "2019.04.15"]
[Round "3.4"]
[White "Defromont, Benjamin"]
[Black "Lardon, Quentin"]
[Result "1-0"]
[ECO "B51"]
[WhiteElo "2200"]
[BlackElo "1801"]
[Annotator "NA"]
[PlyCount "103"]
[EventDate "2019.04.14"]
[EventType "swiss"]
[EventCountry "FRA"]
[SourceTitle "playchess.com"]
[Source "ChessBase"]
[SourceQuality "1"]
[TimeControl "5400+30"]

1. e4 c5 2. Nf3 Nc6 3. Bb5 d6 4. O-O Bd7 5. Re1 g6 6. c3 Bg7 7. d4 Ne5 8. Nxe5 Bxb5 9. Qb3 {[%emt 0:03:10] Decoy} dxe5 10. Qxb5+ Qd7 11. Qxd7+ ({But not} 11. Qxc5 exd4 12. e5 d3 $14) 11... Kxd7 12. dxc5 Nf6 13. f3 Rhd8 14. Be3 Ke8 15. Na3 Nd7 16. Rad1 Rdc8 17. Rd5 $14 e6 18. Rd2 Nxc5 19. Red1 Bf8 20. Bg5 Na4 21. Nb5 Bc5+ 22. Kf1 Kf8 23. Bf6 Nb6 24. b3 Be7 25. Bxe7+ Kxe7 26. c4 a6 27. Nc3 Rd8 28. c5 Rxd2 29. Rxd2 Nd7 30. Na4 Rc8 31. Rxd7+ Kxd7 32. Nb6+ Kc7 33. Nxc8 Kxc8 34. Ke2 Kd7 35. Kd3 Kc6 36. Kc4 Kc7 37. a4 Kc6 38. b4 Kc7 39. b5 a5 40. Kd3 f6 41. Ke3 Kd7 42. f4 exf4+ 43. Kxf4 e5+ 44. Ke3 h6 45. g4 Kc7 46. h3 Kd7 47. Kd3 Ke7 48. h4 Kd7 49. h5 g5 50. Kc4 Ke6 51. b6 Ke7 52. c6 1-0

[Event "FRA-ch Youth U16 2019"]
[Site "Hyeres"]
[Date "2019.04.16"]
[Round "4.1"]
[White "Harutyunyan, Ruben"]
[Black "Lomandong, Marc-Antoine"]
[Result "1-0"]
[ECO "B00"]
[WhiteElo "2310"]
[BlackElo "2036"]
[Annotator "NA"]
[PlyCount "61"]
[EventDate "2019.04.14"]
[EventType "swiss"]
[EventCountry "FRA"]
[SourceTitle "playchess.com"]
[Source "ChessBase"]
[SourceQuality "1"]
[TimeControl "5400+30"]

1. e4 b6 2. d4 Bb7 3. Nc3 e6 4. Bd3 Nf6 5. Nf3 Bb4 6. e5 Ne4 7. O-O Nxc3 8. bxc3 Bxc3 9. Rb1 Nc6 10. Bg5 f6 11. Bh4 Qe7 12. Be4 O-O-O 13. Rb3 Ba5 14. c4 Qf7 15. d5 Nb4 16. exf6 gxf6 17. Qd4 e5 18. Qe3 Na6 19. Rb5 Bb4 20. Rb1 Bd6 21. Bf5 Qh5 22. g4 Qf7 23. Qh6 Rdf8 24. Nd2 Nc5 25. Nb3 c6 26. Nxc5 Bxc5 27. Rxc5 bxc5 28. Qe3 h5 29. Qb3 Kd8 30. Qxb7 cxd5 31. Bxf6+ 1-0

[Event "FRA-ch Youth U16 2019"]
[Site "Hyeres"]
[Date "2019.04.16"]
[Round "4.2"]
[White "Zachary, Matheo"]
[Black "Tercinet, Paul"]
[Result "1-0"]
[ECO "C11"]
[WhiteElo "2281"]
[BlackElo "1629"]
[Annotator "NA"]
[PlyCount "51"]
[EventDate "2019.04.14"]
[EventType "swiss"]
[EventCountry "FRA"]
[SourceTitle "playchess.com"]
[Source "ChessBase"]
[SourceQuality "1"]
[TimeControl "5400+30"]

1. e4 e6 2. d4 d5 3. Nd2 Nf6 4. e5 Nfd7 5. f4 c5 6. Ngf3 Nc6 7. Nb3 cxd4 8. Nbxd4 Qb6 9. c3 Nc5 10. Be2 Bd7 11. O-O Rc8 12. Rb1 Nxd4 13. Nxd4 a6 14. Be3 Ne4 15. Re1 Bb5 16. Qb3 Nc5 17. Nxb5 axb5 18. Bxb5+ Kd8 19. Qb4 Qc7 20. Qd4 Ne4 21. Rbd1 Bc5 22. Qxe4 Ke7 23. Qd3 Qb6 24. a4 Bxe3+ 25. Qxe3 Qxe3+ 26. Rxe3 1-0

[Event "FRA-ch Youth U16 2019"]
[Site "Hyeres"]
[Date "2019.04.16"]
[Round "4.3"]
[White "Ciccoli, Theo"]
[Black "Defromont, Benjamin"]
[Result "1/2-1/2"]
[ECO "E14"]
[WhiteElo "2177"]
[BlackElo "2200"]
[Annotator "NA"]
[PlyCount "72"]
[EventDate "2019.04.14"]
[EventType "swiss"]
[EventCountry "FRA"]
[SourceTitle "playchess.com"]
[Source "ChessBase"]
[SourceQuality "1"]
[TimeControl "5400+30"]

1. d4 Nf6 2. Nf3 e6 3. e3 Be7 4. Bd3 c5 5. O-O O-O 6. b3 b6 7. Bb2 Bb7 8. Nbd2 Nc6 9. c4 cxd4 10. exd4 d5 11. Rc1 Rc8 12. Bb1 dxc4 13. bxc4 Qd6 14. Nb3 Rfd8 15. Qe2 Qf4 16. Rfd1 Bd6 17. Ne5 Bb8 18. g3 Qh6 19. Ng4 Nxg4 20. Qxg4 Ne7 21. f4 Kh8 22. Qe2 Ng8 23. Be4 Bxe4 24. Qxe4 Nf6 25. Qf3 Qg6 26. d5 exd5 27. cxd5 Rxc1 28. Rxc1 Qf5 29. Bxf6 Qxf6 30. Qe4 Bd6 31. Rc6 h6 32. Nd4 Qe7 33. Qxe7 Bxe7 34. Nb3 a5 35. a4 Rxd5 36. Rxb6 Bb4 1/2-1/2

[Event "FRA-ch Youth U16 2019"]
[Site "Hyeres"]
[Date "2019.04.16"]
[Round "4.4"]
[White "Dalaud, Dorian"]
[Black "Boulos, Carlos"]
[Result "0-1"]
[ECO "C45"]
[WhiteElo "2167"]
[BlackElo "2193"]
[Annotator "NA"]
[PlyCount "116"]
[EventDate "2019.04.14"]
[EventType "swiss"]
[EventCountry "FRA"]
[SourceTitle "playchess.com"]
[Source "ChessBase"]
[SourceQuality "1"]
[TimeControl "5400+30"]

1. e4 e5 2. Nf3 Nc6 3. d4 exd4 4. Nxd4 Bc5 5. Nb3 Bb6 6. Nc3 d6 7. a4 a6 8. Nd5 Ba7 9. Be2 Nge7 10. Bg5 O-O 11. O-O f6 12. Bh4 Ng6 13. Bg3 Kh8 14. Kh1 Be6 15. Qd2 Qd7 16. f4 f5 17. exf5 Bxf5 18. Bd3 Nge7 19. Nxe7 Qxe7 20. Rae1 Qf6 21. Bxf5 Qxf5 22. Bf2 Qxf4 23. Bxa7 Qxd2 24. Rxf8+ Rxf8 25. Nxd2 Nxa7 26. Re7 Rc8 27. Nf3 Nc6 28. Rd7 Kg8 29. h4 Nb8 30. Re7 Kf8 31. Re3 Re8 32. Rxe8+ Kxe8 33. Ng5 Ke7 34. Nxh7 Nc6 35. Kg1 Nd4 36. c3 Ne6 37. Kf2 Kf7 38. Ke3 Kg6 39. Ng5 Nxg5 40. hxg5 Kxg5 41. a5 Kg4 42. Ke4 Kg3 43. Kf5 Kxg2 44. Kg6 Kf3 45. Kxg7 Ke4 46. Kf6 Kd3 47. Ke6 Kc2 48. Kd7 b5 49. b4 Kxc3 50. Kxc7 Kxb4 51. Kb6 d5 52. Kxa6 d4 53. Kb6 d3 54. a6 d2 55. a7 d1=Q 56. a8=Q Qd6+ 57. Ka7 Qc7+ 58. Ka6 Qa5+ 0-1

[Event "FRA-ch Youth U16 2019"]
[Site "Hyeres"]
[Date "2019.04.18"]
[Round "6.1"]
[White "Zachary, Matheo"]
[Black "Boulos, Carlos"]
[Result "1-0"]
[ECO "C63"]
[WhiteElo "2281"]
[BlackElo "2193"]
[Annotator "NA"]
[PlyCount "129"]
[EventDate "2019.04.14"]
[EventType "swiss"]
[EventCountry "FRA"]
[SourceTitle "playchess.com"]
[Source "ChessBase"]
[SourceQuality "1"]
[TimeControl "5400+30"]

1. e4 e5 2. Nf3 Nc6 3. Bb5 f5 4. Nc3 fxe4 5. Nxe4 d5 6. Nxe5 dxe4 7. Nxc6 Qd5 8. c4 Qd6 9. Nxa7+ Bd7 10. Bxd7+ Qxd7 11. Qh5+ g6 12. Qe5+ Kf7 13. Nb5 c6 14. Qd4 Qxd4 15. Nxd4 Bg7 16. Ne2 Ra4 17. b3 Bxa1 18. bxa4 Nf6 19. O-O Ra8 20. Ba3 Rxa4 21. Rxa1 Rxa3 22. Nc3 Ke6 23. Rb1 Ra7 24. c5 h5 25. Kf1 Ke5 26. Rb4 Nd5 27. Rxe4+ Kf5 28. Ra4 Rxa4 29. Nxa4 Nb4 30. Nb2 Ke4 31. Nc4 Kd5 32. Na5 Kxc5 33. Nxb7+ Kb6 34. Nd8 Nxa2 35. Ne6 h4 36. Nf8 g5 37. Nh7 Kc5 38. Nxg5 Kd5 39. h3 c5 40. Nf3 c4 41. Nxh4 c3 42. dxc3 Nxc3 43. Nf5 Ke5 44. Ng3 Nd5 45. Ke2 Kf4 46. Kd3 Nb4+ 47. Kd2 Nd5 48. Ne2+ Kf5 49. f4 Kg6 50. g4 Kh6 51. Kd3 Kg6 52. Ke4 Nf6+ 53. Kf3 Nd5 54. Ng3 Ne7 55. Ne4 Nd5 56. h4 Kh6 57. h5 Ne7 58. Nd6 Nd5 59. Nf5+ Kh7 60. g5 Kg8 61. Ke4 Nc7 62. g6 Ne8 63. Ke5 Kh8 64. h6 Nc7 65. g7+ 1-0

[Event "FRA-ch Youth U16 2019"]
[Site "Hyeres"]
[Date "2019.04.18"]
[Round "6.2"]
[White "Harutyunyan, Ruben"]
[Black "Tomasi, Albert"]
[Result "1-0"]
[ECO "B68"]
[WhiteElo "2310"]
[BlackElo "2283"]
[Annotator "NA"]
[PlyCount "115"]
[EventDate "2019.04.14"]
[EventType "swiss"]
[EventCountry "FRA"]
[SourceTitle "playchess.com"]
[Source "ChessBase"]
[SourceQuality "1"]
[TimeControl "5400+30"]

1. e4 c5 2. Nf3 d6 3. d4 cxd4 4. Nxd4 Nf6 5. Nc3 Nc6 6. Bg5 e6 7. Qd2 a6 8. O-O-O Bd7 9. f4 Be7 10. Nf3 b5 11. e5 b4 12. exf6 bxc3 13. Qxc3 gxf6 14. Bh4 d5 15. Kb1 a5 16. Bb5 Rc8 17. Qd2 Nb4 18. Bxd7+ Qxd7 19. c3 Na6 20. Rhe1 Qb7 21. Nd4 Nc5 22. Nf5 exf5 23. Bxf6 Ne4 24. Rxe4 dxe4 25. Bxh8 f6 26. Qe2 Kf7 27. Qh5+ Kg8 28. Qxf5 Kxh8 29. Rd7 Rc7 30. Rxc7 Qxc7 31. Qxe4 Qd7 32. Kc2 Kg7 33. g3 Bc5 34. b3 Qh3 35. Qe2 Kh6 36. Kd3 Qd7+ 37. Kc2 Qf5+ 38. Kc1 Ba3+ 39. Kd2 Qb1 40. Ke3 Bc5+ 41. Kf3 Qh1+ 42. Kg4 f5+ 43. Kxf5 Qd5+ 44. Qe5 Qf7+ 45. Qf6+ Qxf6+ 46. Kxf6 Bg1 47. f5 Bxh2 48. g4 Bf4 49. b4 Bd2 50. b5 Bxc3+ 51. Ke6 Kg7 52. b6 Bd4 53. b7 Ba7 54. Ke7 Bc5+ 55. Ke8 Bd6 56. g5 h5 57. f6+ Kg6 58. f7 1-0

[Event "FRA-ch Youth U16 2019"]
[Site "Hyeres"]
[Date "2019.04.18"]
[Round "6.3"]
[White "Christien, Vincent"]
[Black "Degraeve, Remy"]
[Result "0-1"]
[ECO "B37"]
[WhiteElo "2183"]
[BlackElo "2312"]
[Annotator "NA"]
[PlyCount "56"]
[EventDate "2019.04.14"]
[EventType "swiss"]
[EventCountry "FRA"]
[SourceTitle "playchess.com"]
[Source "ChessBase"]
[SourceQuality "1"]
[TimeControl "5400+30"]

1. e4 c5 2. Nf3 g6 3. d4 cxd4 4. Nxd4 Nc6 5. c4 Nf6 6. Nc3 d6 7. Nc2 Bg7 8. Be2 O-O 9. O-O Be6 10. Bd2 a6 11. Ne3 Nd4 12. Ned5 Nxd5 13. cxd5 Nxe2+ 14. Nxe2 Bd7 15. Bc3 Bxc3 16. Nxc3 Rc8 17. Qb3 b5 18. Rfc1 Rc4 19. a4 Qb6 20. axb5 axb5 21. Ra4 Rfc8 22. Rxc4 Rxc4 23. Re1 Qc5 24. h3 b4 25. Nd1 Rc1 26. Re2 Qd4 27. Re1 Qd2 28. Qe3 Qxe3 0-1

[Event "FRA-ch Youth U16 2019"]
[Site "Hyeres"]
[Date "2019.04.18"]
[Round "6.4"]
[White "Dalaud, Dorian"]
[Black "Maache, Jawad"]
[Result "1-0"]
[ECO "B01"]
[WhiteElo "2167"]
[BlackElo "2261"]
[Annotator "NA"]
[PlyCount "57"]
[EventDate "2019.04.14"]
[EventType "swiss"]
[EventCountry "FRA"]
[SourceTitle "playchess.com"]
[Source "ChessBase"]
[SourceQuality "1"]
[TimeControl "5400+30"]

1. e4 d5 2. exd5 Qxd5 3. Nc3 Qa5 4. d4 Nf6 5. Bc4 Bg4 6. Nge2 e6 7. O-O Nbd7 8. h3 Bf5 9. Ng3 Bg6 10. d5 e5 11. a3 h5 12. Bd2 c6 13. dxc6 bxc6 14. Nd5 Qd8 15. Nxf6+ Qxf6 16. f4 Qd6 17. Qe2 h4 18. f5 Bh7 19. Ne4 Qd4+ 20. Kh1 Be7 21. Bc3 Qb6 22. Qh5 O-O 23. Ng5 Bxg5 24. Qxg5 Qd8 25. f6 Nxf6 26. Bxe5 Ne8 27. Qh5 Nf6 28. Bxf6 gxf6 29. Rf4 1-0

[Event "FRA-ch Youth U16 2019"]
[Site "Hyeres"]
[Date "2019.04.19"]
[Round "7.1"]
[White "Harutyunyan, Ruben"]
[Black "Zachary, Matheo"]
[Result "1-0"]
[ECO "D11"]
[WhiteElo "2310"]
[BlackElo "2281"]
[Annotator "NA"]
[PlyCount "63"]
[EventDate "2019.04.14"]
[EventType "swiss"]
[EventCountry "FRA"]
[SourceTitle "playchess.com"]
[Source "ChessBase"]
[SourceQuality "1"]
[TimeControl "5400+30"]

1. d4 d5 2. c4 c6 3. Nf3 Nf6 4. Qc2 dxc4 5. e4 Bg4 6. Bxc4 e6 7. Be3 Nbd7 8. Nbd2 Be7 9. h3 Bxf3 10. Nxf3 O-O 11. O-O Rc8 12. Rfd1 Qc7 13. Bd3 h6 14. Qe2 c5 15. Rac1 Qb6 16. e5 Nd5 17. Bxh6 gxh6 18. Qe4 f5 19. exf6 N7xf6 20. Qg6+ Kh8 21. Qxh6+ Kg8 22. Qg6+ Kh8 23. Ng5 Rc6 24. Qh6+ Kg8 25. dxc5 Bxc5 26. Bh7+ Kh8 27. Rxc5 Qxc5 28. Bf5+ Kg8 29. Bxe6+ Rxe6 30. Nxe6 Qe7 31. Nxf8 Qxf8 32. Qg5+ 1-0